 Dungeon Crawl Stone Soup version 0.24-a0-537-g2d01d4ab0a (webtiles) character file.

Game seed: 15794221200173697804

188 Napalmbreeze the Ruffian (level 5, -2/54 HPs)
             Began as a Troll Monk on Aug 15, 2019.
             Slain by an orc priest
             ... wielding a +0 war axe
              (11 damage)
             ... on level 3 of the Dungeon.
             The game lasted 00:03:03 (1932 turns).

Napalmbreeze the Ruffian (Troll Monk)               Turns: 1932, Time: 00:03:03

Health: -2/54      AC:  8    Str: 20    XL:     5   Next: 39%
Magic:  4/4        EV: 11    Int:  6    God:
Gold:   113        SH:  0    Dex: 12    Spells: 4/4 levels left

rFire    . . .     SeeInvis +     - Unarmed
rCold    + . .     Gourm    +   (no shield)
rNeg     . . .     Faith    .   f - +2 robe {rC+}
rPois    .         Spirit   .   (helmet restricted)
rElec    .         Reflect  .   (no cloak)
rCorr    .         Harm     .   (gloves unavailable)
MR       .....                  (boots unavailable)
Stlth    +.........             (no amulet)
HPRegen  0.58/turn              i - ring of attention (curse)
MPRegen  0.09/turn              m - ring of see invisible

@: lethally poisoned (-2 -> -3)
A: large, unfitting armour, claws 3, fast metabolism 3, gourmand, regeneration
1, shaggy fur 1, tough skin 3
a: no special abilities


You were on level 3 of the Dungeon.
You were completely stuffed.

You visited 1 branch of the dungeon, and saw 3 of its levels.

You collected 113 gold pieces.

Inventory:

Missiles
 k - 34 poisoned darts (quivered)
Armour
 a - a +0 robe
 f - a +2 robe of cold resistance (worn)
Jewellery
 i - a cursed ring of attention (left claw)
 m - a ring of see invisible (right claw)
Scrolls
 d - a scroll of amnesia {unknown}
 e - 2 scrolls of remove curse {unknown}
 h - a scroll of fog {unknown}
 l - 2 scrolls of teleportation {unknown}
Potions
 c - a potion of agility {unknown}
 g - 2 potions of cancellation {unknown}
 j - a potion of degeneration {unknown}
 n - a potion of magic {unknown}
 o - a potion of curing {unknown}
Comestibles
 b - 9 rations


   Skills:
 * Level 4.0 Fighting
 + Level 3.2 Dodging
 - Level 1.0 Stealth
 + Level 4.0 Unarmed Combat


You had 4 spell levels left.
You didn't know any spells.
Your spell library contained the following spells:

 Spells                   Type           Power        Failure   Level  Hunger
 Beastly Appendage        Tmut           #.....       45%         1    ##.....
 Sticks to Snakes         Tmut           #.......     58%         2    ###....
 Spider Form              Tmut/Pois      #.........   83%         3    ####...
 Ice Form                 Ice/Tmut       #.......     99%         4    #####..
 Blade Hands              Tmut           #.........   100%        5    ######.


Dungeon Overview and Level Annotations

Branches:
Dungeon (3/15)

Altars:


Innate Abilities, Weirdness & Mutations

You are too large for most types of armour.
You have claws for hands.
Your metabolism is lightning-fast.
You like to eat raw meat.
Your natural rate of healing is unusually fast.
You are covered in fur. (AC +1)
You have extremely tough skin. (AC +3)


Message History

Unknown command.
You scratch the orc priest but do no damage.
The orc priest is severely wounded.
You feel sick. The ooze hits you.
* * * LOW HITPOINT WARNING * * *
The orc priest hits you with a +0 war axe.
* * * LOW HITPOINT WARNING * * *
A worm comes into view.
The orc barely misses you.
You barely miss the orc priest.
The orc priest is severely wounded.
You feel sick. The ooze hits you but does no damage.
The orc priest looks satisfied for a moment.
The orc hits you but does no damage.
Unknown command.
You barely miss the orc priest.
The orc priest is severely wounded.
You feel sick. The ooze barely misses you.
The orc priest hits you with a +0 war axe!
You die...

..#### .....#
##.#.# ....... #
######## #.# #..
#####+#w..#
#.#######..........
#.......#...o......
#.......#.(@J.<....
+.......'..†o......
#.....#.#..........
#.##.##.#......(...
#..#....#..........
.
##.################
.. #...#
#########.#
#....†....######..


You could see a worm, an orc priest, an ooze and an orc.

Vanquished Creatures
  An orc wizard (D:3)
  Jessica (D:2)
  Natasha (twice) (D:2)
  3 adders
  2 worms (D:2)
  2 dart slugs
  A leopard gecko (D:1)
  A giant cockroach (D:1)
  8 goblins
  8 hobgoblins
  4 quokkas
  5 bats
  7 frilled lizards
  A kobold (D:1)
  4 rats
50 creatures vanquished.

Notes
Turn   | Place    | Note
-------+----------+-------------------------------------------
     0 | D:1      | Napalmbreeze the Troll Monk began the quest for the Orb.
     0 | D:1      | Reached XP level 1. HP: 22/22 MP: 0/0
   186 | D:1      | Reached XP level 2. HP: 29/29 MP: 1/1
   742 | D:2      | Noticed Jessica
   746 | D:2      | Killed Jessica
   746 | D:2      | Reached XP level 3. HP: 29/37 MP: 2/2
  1121 | D:2      | Noticed Natasha
  1130 | D:2      | Killed Natasha
  1130 | D:2      | Reached XP level 4. HP: 40/45 MP: 3/3
  1195 | D:2      | Noticed Natasha
  1200 | D:2      | Killed Natasha
  1528 | D:3      | Reached XP level 5. HP: 54/54 MP: 4/4
  1932 | D:3      | Slain by an orc priest

Levels and vault maps discovered:
D:1:      onia_arrival_mini_spirals, layout_loops_ring
D:2:      layout_basic, uniq_natasha, uniq_jessica
D:3:      layout_basic, dk_noncrumbling_2

Skill      XL: |  1  2  3  4  5 |
---------------+----------------+-----
Fighting       | 3 4 |  4.0
Dodging        | 3 |  3.2
Unarmed Combat | 4 |  4.0
Stealth        | |  1.0

Action                   |  1- 3 |  4- 6 || total
-------------------------+-------+-------++-------
Melee: Unarmed           |    74 |    90 ||   164
       Punch             |     1 |       ||     1
 Stab: Sleeping          |     2 |       ||     2
  Eat: Chunk             |    16 |     7 ||    23
Armor: Robe              |    20 |    34 ||    54
Dodge: Dodged            |    20 |    60 ||    80

Table legend:
 A = Non-vault XP
 B = Vault XP
 C = Vault XP percentage of total XP
 D = Non-vault monster count
 E = Vault monster count
 F = Vault count percentage of total count
                 A         B        C        D         E       F
            +---------+---------+-------+---------+---------+-------
      Total |     196 |      73 |  27.1 |      48 |       2 |   4.0
            +---------+---------+-------+---------+---------+-------
        D:1 |      33 |       0 |   0.0 |      19 |       0 |   0.0
        D:2 |      81 |      73 |  47.4 |      15 |       2 |  11.8
        D:3 |      82 |       0 |   0.0 |      14 |       0 |   0.0
            +---------+---------+-------+---------+---------+-------
